 Dungeon Crawl Stone Soup version 0.31-a0-955-gcb8bc90ed4 (webtiles) character file.

Game seed: 9756705847228484852

11 Morbidden the Ruffian (level 2, 20/21 HPs)
             Began as a Demonspawn Shapeshifter on Oct 22, 2023.
             Was a Follower of Wu Jian.
             Quit the game on level 1 of the Dungeon.
             The game lasted 00:00:38 (405 turns).

Morbidden the Ruffian (Demonspawn Shapeshifter)      Turns: 405, Time: 00:00:38

Health: 20/21      AC:  2    Str: 14    XL:     2   Next: 13%
Magic:  2/2        EV: 12    Int: 11    God:    Wu Jian [*.....]
Gold:   28         SH:  0    Dex: 12    Spells: 1/1 levels left

rFire   . .          .
                       - Unarmed
rCold   . . .        (no shield)
rNeg    . . .        a - +0 animal skin
rPois   .            (helmet currently unavailable)
rElec   .            (cloak currently unavailable)
rCorr   .            (gloves currently unavailable)
SInv    .            (boots currently unavailable)
Will    .....        (no amulet)
Stlth   +            (no ring)
HPRegen 0.23/turn    (no ring)
MPRegen 0.08/turn

%: no passive effects
@: beast-form
A: beast (slay +1), ignite blood 1
a: Begin Untransformation, Renounce Religion


You were on level 1 of the Dungeon.
You worshipped Wu Jian.
Wu Jian was aware of your devotion.
You were a hulking beast.
You visited 1 branch of the dungeon, and saw 1 of its levels.

You collected 28 gold pieces.

Inventory:

Armour
 a - a +0 animal skin (worn)
Talismans
 c - a beast talisman (active)
 d - a flux talisman
Scrolls
 g - a scroll of silence {unknown}
 h - a scroll of teleportation {unknown}
Potions
 b - a potion of lignification
 e - a potion of ambrosia {unknown}
 f - a potion of curing {unknown}


   Skills:
 * Level 1.0 Fighting
 * Level 1.8 Dodging
 * Level 2.9 Unarmed Combat
 * Level 0.3 Spellcasting
 * Level 2.9 Shapeshifting


You had one spell level left.
You didn't know any spells.
Your spell library was empty.

Dungeon Overview and Level Annotations

Branches:
Dungeon (1/15)

Altars:
Wu Jian


Innate Abilities, Weirdness & Mutations

You are a hulking beast.
Your limbs bulge with bestial killing power. (Slay +1)
Your demonic aura sometimes causes spilled blood to erupt in flames.


Message History

Found a faded altar of an unknown god.
No target in view!
Unknown command.
Key pressed, stopping explore.
No target in view!
Unknown command.
A kobold comes into view. It is wielding a +0 whip.
Unknown command.
A kobold is nearby!
Unknown command.
A kobold is nearby!
Unknown command.
A kobold is nearby!
You barely miss the kobold. You punch the kobold, but do no damage.
The kobold hits you with a +0 whip.
Unknown command.
You hit the kobold but do no damage. The kobold hits you but does no damage.
A kobold is nearby!
Unknown command.
You closely miss the kobold. The kobold hits you with a +0 whip.
Unknown command.
You hit the kobold.
You kill the kobold!
Unknown command.
No target in view!
Unknown command.
No target in view!
Unknown command.
No target in view!
Things that are here:
a +0 whip; a kobold corpse
There is a faded altar of an unknown god here.
This altar belongs to (a) Cheibriados, (b) Wu Jian or (c) Uskayaw, but you can't tell which.
Press the corresponding letter to learn more about a god, or press enter to convert or escape to cancel.
Wu Jian accepts your prayer! The Council welcomes you!
You can now perform damaging attacks by moving towards foes.
You can now lightly attack monsters by moving around them.
Unknown command.
Press < or > to pray at altars.
Are you sure you want to abandon this character and quit the game? (Confirm with "yes".)

.##..####...
####....# ..#...#
.. #.......#
#.#...# #.#####.#
..#...# #.# #.#
.##.### #.#####.#
..#.# #.##....#
###.# ####
#####.##.##.#
..#.#
.....#...#.##.##.#
.##.#####.#
#§§§h...##.##.#
[.........#
#§§..)........#
########..#
#§§.§#####.####
.....#.#####.#
#..^###.......#
#... ######### ###


There were no monsters in sight!

Vanquished Creatures
  2 bats (D:1)
  An endoplasm (D:1)
  A giant cockroach (D:1)
  2 kobolds (D:1)
  A quokka (D:1)
  A frilled lizard (D:1)
  2 rats (D:1)
10 creatures vanquished.

Notes
Turn   | Place    | Note
-------+----------+-------------------------------------------
     0 | D:1      | Morbidden the Demonspawn Shapeshifter began the quest for
                  | the Orb.
     0 | D:1      | Reached XP level 1. HP: 15/15 MP: 1/1
   313 | D:1      | Gained mutation: Your demonic aura sometimes causes spilled
                  | blood to erupt in flames. [demonic ancestry]
   313 | D:1      | Reached XP level 2. HP: 21/21 MP: 2/2
   388 | D:1      | Found a faded altar of an unknown god.
   404 | D:1      | Prayed at the altar of an unknown god.
   404 | D:1      | Became a worshipper of the Wu Jian Council
   404 | D:1      | Reached * piety under Wu Jian
   405 | D:1      | Quit the game

Illustrated notes

Levels and vault maps discovered:
D:1:      dpeg_arrival_tiny_g, layout_loops_corners,
          ebering_ecumenical_altar_mist, minmay_misc_feat_alley,
          grunt_decor_one_mirror, minivault_26

Action                     || total
---------------------------++-------
  Melee: Unarmed           ||    37
         Punch             ||     1
 Armour: Animal skin       ||    29
  Dodge: Dodged            ||    23

Table legend: (Time is in decaauts)
 A = Elapsed time spent in this place.
 B = Non-inter-level travel time spent in this place.
 C = Inter-level travel time spent in this place.
 D = Time resting spent in this place.
 E = Time spent auto-exploring this place.
 F = Levels seen in this place.
 G = Mean time per level.
                   A        B        C        D        E       F      G
               +--------+--------+--------+--------+--------+-----+--------+
         Total |    403 |    403 |      0 |      0 |    320 |   1 |  403.0 |
       Dungeon |    403 |    403 |      0 |      0 |    320 |   1 |  403.0 |
               +--------+--------+--------+--------+--------+-----+--------+

Top non-repeatable levels by time:
     D:1: 403 daAuts
